 Dungeon Crawl Stone Soup version 0.30.1-11-g7821555f0a (webtiles) character file.

Game seed: 589726307475947432

235 HakonGodeson the Covered (level 6, -8/47 HPs)
             Began as a Human Fighter on Dec 11, 2023.
             Shot with an arrow by a centaur (11 damage)
             ... on level 6 of the Dungeon.
             The game lasted 00:05:55 (1679 turns).

HakonGodeson the Covered (Human Fighter)            Turns: 1679, Time: 00:05:56

Health: -8/47      AC:  4    Str: 16    XL:     6   Next: 27%
Magic:  6/6        EV: 11    Int: 10    God:
Gold:   20         SH:  5    Dex: 13    Spells: 5/5 levels left

rFire   . . .        a - +3 war axe
rCold   + . .        c - +0 buckler
rNeg    . . .        k - +1 leather armour {rC+}
rPois   .            (no helmet)
rElec   .            (no cloak)
rCorr   .            (no gloves)
SInv    .            (no boots)
Will    .....        (no amulet)
Stlth   ++           (no ring)
HPRegen 0.27/turn    (no ring)
MPRegen 0.10/turn

%: no passive effects
@: brilliant, hasted, invisible, very quick
A: no striking features
a: no special abilities


You were on level 6 of the Dungeon.
You visited 1 branch of the dungeon, and saw 6 of its levels.

You collected 103 gold pieces.
You spent 83 gold pieces at shops.

Inventory:

Hand Weapons
 a - a +3 war axe (weapon)
Armour
 c - a +0 buckler (worn)
 k - a +1 leather armour of cold resistance (worn)
Jewellery
 h - a ring of flight
Wands
 p - a wand of charming (6)
Scrolls
 b - a scroll of magic mapping
 g - a scroll of vulnerability
 i - 2 scrolls of enchant armour {unknown}
 l - a scroll of blinking {unknown}
 n - a scroll of teleportation
Potions
 d - a potion of might
 j - a potion of haste
 o - a potion of magic {unknown}
 q - a potion of cancellation {unknown}


   Skills:
 * Level 3.5 Fighting
 * Level 3.8 Axes
 * Level 3.8 Armour
 * Level 1.2 Dodging
 * Level 1.6 Stealth
 * Level 3.7 Shields
 * Level 0.5 Evocations


You had 5 spell levels left.
You didn't know any spells.
Your spell library was empty.

Dungeon Overview and Level Annotations

Branches:
Dungeon (6/15)
 Temple: D:4-7

Altars:

Shops:
D:5 ?:[!

Annotations:
D:3 2 runed translucent doors, RancidPinata's ghost, weakling GrGl


Message History

It was a potion of invisibility.
You fade into invisibility!
The centaur closely misses you. The centaur kicks you.
* * * LOW HITPOINT WARNING * * *
Aiming: Charm
Press: ? - help, Shift-Dir - straight line, f - iguana, p - centaur
Aim: an iguana (unable to see you, chance to affect: 59%)
Okay, then.
The centaur hits you.
* * * LOW HITPOINT WARNING * * *
The centaur closely misses you.
Okay, then.
Aiming: Charm
Press: ? - help, Shift-Dir - straight line, f - iguana, p - centaur
Aim: an iguana (unable to see you, chance to affect: 59%)
The iguana resists with significant effort.
The centaur wields a +0 shortbow.
The centaur shoots an arrow.
You block the arrow.
Unknown command.
Aiming: Charm
Press: ? - help, Shift-Dir - straight line, f/p - iguana
Aim: an iguana (unable to see you, chance to affect: 59%)
The iguana resists with significant effort.
The centaur shoots an arrow.
The arrow barely misses you.
Aiming: Charm
Press: ? - help, Shift-Dir - straight line, f/p - iguana
Aim: an iguana (unable to see you, chance to affect: 59%)
The iguana is charmed.
The centaur shoots an arrow.
The arrow hits your iguana! What are your orders? t - Shout!
Orders for allies: a - Attack new target. p - Attack previous target. r - Retreat! s - Stop attacking. g - Guard the area. f - Follow me.
Anything else - Cancel.
Gang up on whom?
Press: ? - help, Dir - move target, f - centaur, p - iguana
Aim: a centaur, wielding a +0 shortbow (moderately wounded, unable to see you) Attack!
The centaur shoots an arrow.
The arrow barely misses your iguana. The arrow hits you!
You die...

.......# .............#
.......# .............#
.......# #..l.......#
.......######## #c##
<.............######..###
..............##c.##....#
..o....##.....##...#....#
.....?.##.....##l..'....#
....o..#........@.##...##
...o...#..<.......######
.......#...........#
.......##.....##...#
#.....##...# #.....###..#
#......#...# #......#...#
#......+...#


You could see a centaur (unable to see you, ally target) and a friendly iguana
(charmed).

Vanquished Creatures
  A hound (D:5)
  A jelly (D:4)
  A sleepcap (D:5)
  2 iguanas (D:5)
  2 orc wizards (D:3)
  An adder (D:5)
  2 worms (D:3)
  2 dart slugs
  3 orcs (D:3)
  2 endoplasms (D:2)
  4 goblins
  3 hobgoblins (D:2)
  3 kobolds
  3 quokkas
  A bat (D:3)
  2 frilled lizards (D:1)
33 creatures vanquished.

Vanquished Creatures (others)
  A hound (D:6)
1 creature vanquished.

Grand Total: 34 creatures vanquished

Notes
Turn   | Place    | Note
-------+----------+-------------------------------------------
     0 | D:1      | HakonGodeson the Human Fighter began the quest for the Orb.
     0 | D:1      | Reached XP level 1. HP: 18/18 MP: 1/1
   158 | D:1      | Reached XP level 2. HP: 9/24 MP: 2/2
   369 | D:2      | Reached XP level 3. HP: 17/29 MP: 3/3
   554 | D:3      | Found a large runed translucent door.
   558 | D:3      | Found a large runed translucent door.
   560 | D:3      | Noticed RancidPinata's ghost (weakling GrGl)
   838 | D:3      | Reached XP level 4. HP: 28/35 MP: 4/4
   843 | D:3      | Reached skill level 1 in Stealth
   990 | D:4      | Reached XP level 5. HP: 39/41 MP: 5/5
  1029 | D:4      | You fall into a shaft and drop 1 floor!
  1029 | D:5      | Entered Level 5 of the Dungeon
  1029 | D:5      | Found Citeetze's Antique Armour Shoppe.
  1029 | D:5      | Found Riethrai's Magic Scroll Emporium.
  1031 | D:5      | Found Xuiv's Distillery.
  1031 | D:5      | Found Puysec's Book Shoppe.
  1042 | D:5      | Bought a potion of curing for 39 gold pieces
  1255 | D:5      | Reached skill level 1 in Dodging
  1364 | D:5      | Bought a scroll of identify for 22 gold pieces
  1364 | D:5      | Bought a scroll of identify for 22 gold pieces
  1414 | D:5      | Reached XP level 6. HP: 15/47 MP: 6/6
  1674 | D:6      | HP: 2/47 [centaur (4)]
  1679 | D:6      | Shot with an arrow by a centaur

Illustrated notes

Levels and vault maps discovered:
D:1:      saegor_arrival_simple_a, layout_basic, minmay_misc_feat_secret_circle
D:2:      layout_rooms
D:3:      layout_basic, ebering_ghost_disaster_area
D:4:      layout_basic, minmay_temple_entry_junction
D:5:      layout_basic, nicolae_shop_national_dungeon_mall,
          hangedman_glass_teeth, kennysheep_minor_cross, minmay_strange_pillars
D:6:      layout_gridville, serial_shops, shop, ebering_ghost_disaster_area

Skill      XL: |  1  2  3  4  5 |
---------------+----------------+-----
Stealth        | 1 |  1.6
Axes           | 3 |  3.8
Dodging        | 1 |  1.2
Fighting       | |  3.5
Armour         | |  3.8
Shields        | |  3.7
Evocations     | |  0.5

Action                     |  1- 3 |  4- 6 || total
---------------------------+-------+-------++-------
  Melee: War axe           |    70 |    48 ||   118
  Evoke: Wand              |       |     5 ||     5
    Use: Scroll            |     4 |     3 ||     7
         Potion            |       |     4 ||     4
 Armour: Scale mail        |    35 |     5 ||    40
         Leather armour    |       |    11 ||    11
  Dodge: Dodged            |    31 |    32 ||    63
  Block: Buckler           |    17 |    21 ||    38
